 Dungeon Crawl Stone Soup version 0.24.0-125-gc4c63601f3 (webtiles) character file.

Game seed: 17473458979882547358, levelgen mode: deterministic

609050 Ereth the Heavyweight Champion (level 26, -33/177 (179) HPs)
             Began as a Troll Fighter on Jan 30, 2020.
             Was the Champion of Okawaru.
             Killed from afar by an ancient lich (49 damage)
             ... with a bolt of negative energy
             ... on level 5 of the Realm of Zot on Feb 25, 2020.
             The game lasted 05:33:10 (66561 turns).

Ereth the Heavyweight Champion (Troll Fighter)     Turns: 66561, Time: 05:33:11

HP:   -33/177 (179) AC: 33    Str: 43      XL:     26   Next: 70%
MP:   37/41         EV: 15    Int:  2 (3)  God:    Okawaru [******]
Gold: 5742          SH: 24    Dex: 15      Spells: 36/39 levels left

rFire    + + +     SeeInvis .     - Unarmed
rCold    + + .     Gourm    +   Q - +2 shield of Resistance {rF+ rC+ MR+}
rNeg     . . .     Faith    .   F - +9 gold dragon scales of Piotuevel {*Drain rPois rF+ rC+ MR+ MP+9}
rPois    +         Spirit   .   v - +2 hat {MR+}
rElec    .         Reflect  +   N - +2 cloak {MR+}
rCorr    .         Harm     .   (gloves unavailable)
MR       +++++     Rnd*Rage +   (boots unavailable)
Stlth    ..........             f - amulet of Gemudexe {Reflect rF+ Str+8 SH+3}
HPRegen  0.79/turn              e - ring of poison resistance
MPRegen  0.27/turn              t - +3 ring of dexterity

@: heroism, finesse, drained
A: large, unfitting armour, claws 3, berserk 1, blurry vision 1, deformed body,
deterioration 2, dopey 1, fast metabolism 3, frail 2, gourmand, regeneration 1,
shaggy fur 1, tough skin 3
}: 3/15 runes: decaying, serpentine, silver
a: Heroism, Finesse, Renounce Religion


You were on level 5 of the Realm of Zot.
You worshipped Okawaru.
Okawaru was exalted by your worship.
You were very full.

You visited 11 branches of the dungeon, and saw 52 of its levels.
You visited the Abyss 1 time.
You visited 1 bazaar.
You also visited: Ossuary.

You collected 7835 gold pieces.
You spent 2093 gold pieces at shops.

Inventory:

Missiles
 X - 133 large rocks (quivered)
Armour
 v - a +2 hat of magic resistance (worn)
 E - a +2 cloak of poison resistance
 F - the +9 gold dragon scales of Piotuevel (worn) {*Drain rPois rF+ rC+ MR+ MP+9}
   (You acquired it on level 1 of the Depths)

   It protects you from fire.
   It protects you from cold.
   It protects you from poison.
   It affects your resistance to hostile enchantments.
   It affects your magic capacity (+9).
   It causes draining when unequipped.
 N - a +2 cloak of magic resistance (worn)
 Q - the +2 shield of Resistance (worn) {rF+ rC+ MR+}
   (You found it on level 9 of the Dungeon)

   It protects you from fire.
   It protects you from cold.
   It affects your resistance to hostile enchantments.
Jewellery
 e - a ring of poison resistance (left claw)
 f - the amulet of Gemudexe (around neck) {Reflect rF+ Str+8 SH+3}
   (You bought it in a shop on level 2 of the Elven Halls)

   [amulet of reflection]

   It shields you and reflects attacks.
   It affects your strength (+8).
   It protects you from fire.
   It affects your SH (+3).
 l - an uncursed ring of ice
 t - a +3 ring of dexterity (right claw)
 w - an uncursed ring of positive energy
 W - a +2 ring of dexterity
Wands
 b - a wand of clouds (17)
 x - a wand of enslavement (38)
 y - a wand of random effects (81)
 z - a wand of paralysis (40)
 C - a wand of iceblast (28)
 H - a wand of flame (82)
 M - a wand of digging (9)
 R - a wand of acid (13)
 S - a wand of polymorph (55)
 Y - a wand of scattershot (2)
Scrolls
 g - 22 scrolls of remove curse
 h - a scroll of enchant armour
 i - 7 scrolls of fog
 n - a scroll of holy word
 q - 4 scrolls of fear
 s - 18 scrolls of teleportation
 B - 7 scrolls of amnesia
 D - 21 scrolls of identify
 K - 2 scrolls of brand weapon
 L - a scroll of magic mapping
 U - 2 scrolls of blinking
 Z - a scroll of silence
Potions
 a - 13 potions of haste
 c - 10 potions of might
 k - 8 potions of brilliance
 m - 4 potions of magic
 o - 5 potions of agility
 p - 17 potions of curing
 u - 8 potions of flight
 I - 5 potions of cancellation
 J - a potion of resistance
 P - 5 potions of invisibility
 T - 4 potions of heal wounds
Miscellaneous
 j - 2 sacks of spiders
 r - 3 phantom mirrors
 G - a phial of floods
 O - a fan of gales
 V - a crystal ball of energy
Comestibles
 d - 79 rations


   Skills:
 + Level 6.8(10.8) Fighting
 + Level 11.0(15.0) Throwing
 + Level 11.8(15.7) Armour
 + Level 12.7(16.7) Dodging
 + Level 4.9(9.1) Stealth
 + Level 20.8(24.6) Shields
 O Level 27(25.7) Unarmed Combat
 + Level 7.1(6.2) Spellcasting
 + Level 8.4(7.6) Necromancy
 + Level 9.1(8.2) Invocations
 + Level 0.2(0.0) Evocations


You had 36 spell levels left.
You knew the following spells:

 Your Spells              Type           Power        Failure   Level  Hunger
a - Animate Skeleton      Necr           N/A          11%         1    ##.....
b - Throw Flame           Conj/Fire      #.....       98%         2    ###....

Your spell library contained the following spells:

 Spells                   Type           Power        Failure   Level  Hunger
 Pain                     Necr           #...         11%         1    ##.....
 Vampiric Draining        Necr           #.........   30%         3    ####...
 Animate Dead             Necr           N/A          71%         4    #####..
 Regeneration             Chrm/Necr      #.........   83%         3    ####...
 Apportation              Tloc           #.....       94%         1    ##.....
 Beastly Appendage        Tmut           #.....       94%         1    ##.....
 Confusing Touch          Hex            #.....       94%         1    ##.....
 Corona                   Hex            #......      94%         1    ##.....
 Flame Tongue             Conj/Fire      #....        94%         1    ##.....
 Freeze                   Ice            #...         94%         1    ##.....
 Magic Dart               Conj           #...         94%         1    ##.....
 Sandblast                Erth           #.....       94%         1    ##.....
 Sting                    Conj/Pois      #...         94%         1    ##.....
 Summon Butterflies       Summ           #.......     94%         1    ##.....
 Summon Small Mammal      Summ           #...         94%         1    ##.....
 Blink                    Tloc           N/A          98%         2    ###....
 Call Imp                 Summ           #.......     98%         2    ###....
 Ensorcelled Hibernation  Hex/Ice        #.....       98%         2    ###....
 Passwall                 Tmut/Erth      #.......     98%         2    ###....
 Searing Ray              Conj           #.....       98%         2    ###....
 Shroud of Golubria       Chrm/Tloc      #.....       98%         2    ###....
 Slow                     Hex            #.......     98%         2    ###....
 Sticks to Snakes         Tmut           #.......     98%         2    ###....
 Throw Frost              Conj/Ice       #.....       98%         2    ###....
 Call Canine Familiar     Summ           #.......     100%        3    ####...
 Confuse                  Hex            #.......     100%        3    ####...
 Conjure Flame            Conj/Fire      #.......     100%        3    ####...
 Dazzling Spray           Conj/Hex       #.....       100%        3    ####...
 Gell's Gravitas          Tloc           #.........   100%        3    ####...
 Inner Flame              Hex/Fire       #.......     100%        3    ####...
 Lesser Beckoning         Tloc           #.........   100%        3    ####...
 Mephitic Cloud           Conj/Pois/Air  #.......     100%        3    ####...
 Ozocubu's Armour         Chrm/Ice       #.......     100%        3    ####...
 Portal Projectile        Hex/Tloc       #.....       100%        3    ####...
 Recall                   Summ/Tloc      N/A          100%        3    ####...
 Spider Form              Tmut/Pois      #.........   100%        3    ####...
 Stone Arrow              Conj/Erth      #.....       100%        3    ####...
 Teleport Other           Tloc           #.......     100%        3    ####...
 Tukima's Dance           Hex            #.......     100%        3    ####...
 Cause Fear               Hex            #.........   100%        4    #####..
 Force Lance              Conj/Tloc      #.......     100%        4    #####..
 Fulminant Prism          Conj/Hex       #.........   100%        4    #####..
 Ice Form                 Ice/Tmut       #.......     100%        4    #####..
 Iskenderun's Mystic Bla  Conj           #.......     100%        4    #####..
 Leda's Liquefaction      Hex/Erth       #.........   100%        4    #####..
 Passage of Golubria      Tloc           N/A          100%        4    #####..
 Petrify                  Tmut/Erth      #.......     100%        4    #####..
 Sticky Flame             Conj/Fire      #.......     100%        4    #####..
 Summon Ice Beast         Ice/Summ       #.......     100%        4    #####..
 Throw Icicle             Conj/Ice       #.......     100%        4    #####..
 Alistair's Intoxication  Tmut/Pois      #.......     100%        5    ######.
 Aura of Abjuration       Summ           #.........   100%        5    ######.
 Blade Hands              Tmut           #.........   100%        5    ######.
 Bolt of Magma            Conj/Fire/Erth #.........   100%        5    ######.
 Fireball                 Conj/Fire      #.........   100%        5    ######.
 Irradiate                Conj/Tmut      #.........   100%        5    ######.
 Lee's Rapid Deconstruct  Erth           #.........   100%        5    ######.
 Metabolic Englaciation   Hex/Ice        #.........   100%        5    ######.
 Summon Demon             Summ           #.........   100%        5    ######.
 Summon Forest            Summ/Tloc      #.........   100%        5    ######.
 Summon Mana Viper        Hex/Summ       #.......     100%        5    ######.
 Yara's Violent Unravell  Hex/Tmut       #.........   100%        5    ######.
 Bolt of Cold             Conj/Ice       #.........   100%        6    #######
 Bolt of Fire             Conj/Fire      #.........   100%        6    #######
 Freezing Cloud           Conj/Ice/Air   #.........   100%        6    #######
 Hydra Form               Tmut           #.........   100%        6    #######
 Invisibility             Hex            #.......     100%        6    #######
 Iron Shot                Conj/Erth      #.........   100%        6    #######
 Ozocubu's Refrigeration  Ice            #.........   100%        6    #######
 Simulacrum               Ice/Necr       #.........   100%        6    #######
 Statue Form              Tmut/Erth      #........    100%        6    #######
 Dragon Form              Tmut           #.........   100%        7    #######
 Summon Hydra             Summ           #.........   100%        7    #######
 Dragon's Call            Summ           #.........   100%        9    #######
 Shatter                  Erth           #.........   100%        9    #######


Dungeon Overview and Level Annotations

Branches:
Dungeon (15/15)            Temple (1/1) D:6            Lair (6/6) D:10
  Swamp (4/4) Lair:4        Snake (4/4) Lair:2        Slime (2/5) Lair:5
    Orc (2/2) D:10            Elf (3/3) Orc:2        Vaults (5/5) D:14
  Crypt (0/3) Vaults:3     Depths (5/5) D:15            Zot (5/5) Depths:5
Ossuary (visited)

Altars:
Ashenzari
Cheibriados
Dithmenos
Elyvilon
Fedhas
Gozag
Hepliaklqana
Kikubaaqudgha
Makhleb
Nemelex Xobeh
Okawaru
Qazlal
Ru
Sif Muna
Trog
Uskayaw
Vehumet
Wu Jian
Xom
Yredelemnul
Zin
The Shining One
Beogh
Jiyva

Shops:
D:4 =%=??   D:8 *(   Orc:2 *%**   Elf:2 :=?   Snake:1 (   Vaults:3 =
Vaults:5 *[   Depths:2 *

Portals:
Hell: Depths:1 Depths:2 Depths:3 Depths:4 Depths:5
Abyss: Depths:3 Depths:4
Pandemonium: Depths:3 Depths:4
Ziggurat: Depths:4

Annotations:
Lair:4 exclusion: 2 oklob plants
Vaults:1 1 runed translucent door, Switch's ghost, veteran DDFi


Innate Abilities, Weirdness & Mutations

You are too large for most types of armour.
You have claws for hands.
Your metabolism is lightning-fast.
You like to eat raw meat.
Your natural rate of healing is unusually fast.
You are covered in fur. (AC +1)
You have extremely tough skin. (AC +3)
You tend to lose your temper in combat.
Scrolls take you a little longer to read.
Armour fits poorly on your strangely shaped body.
Your body often deteriorates upon taking damage.
You are dopey. (Int -2)
You are very frail. (-20% HP)


Message History

A purple draconian comes into view. It is wielding a +0 short sword.
Your blink will be uncontrolled - continue anyway? [Y]es or [N]o only, please.
Your blink will be uncontrolled - continue anyway?
Okay, then.
The Orb Guardian disappears!
The purple draconian moves out of view.
The ancient lich casts a spell at you.
The bolt of lightning hits the orb of fire.
The orb of fire completely resists.
The bolt of lightning hits you!!
* * * LOW HITPOINT WARNING * * *
The purple draconian disappears!
There is an escape hatch in the ceiling here.
The sentinel's mark upon you fades away.
The orb of fire emits a lurid red light.
The bolt of fire hits the orb of fire.
The orb of fire completely resists.
The bolt of fire misses you. The Killer Klown smiles at you.
The ancient lich points at you and mumbles some strange words.
The bolt of negative energy hits you!!!
You feel drained.
You die...

,,,,,,,,,,,,** #.............#
,,,,,,,,,,,** *#.....p...^...#*
,,,,,,,,,,** #........§......#
*####****** ▓▓▓########.########▓
#...# #.........p(......... #...#
###.......L............
#...######.........*............
#...##...........LW.............
#..............@**XW............
#..........#....X...............
##........###....X...............
........### #....................
...[..### #.....)".............
.....## #........).......(...
.....# ###....#####...######
.....# ##...## #...#* .....#
##....# #....#


You could see 3 orbs of fire, a Killer Klown, 2 ancient liches, 3 Orb Guardians
and 2 wraiths.

Vanquished Creatures
  3 orbs of fire
  An ancient lich (Zot:5)
  A juggernaut (Depths:5)
  Sojobo (Depths:1)
  Frederick (Vaults:4)
  Saint Roka (Depths:3)
  2 curse toes
  Margery (Depths:3)
  Nikola (Snake:3)
  7 golden dragons
  A profane servitor (Depths:2)
  A bone dragon (Swamp:4)
  An electric golem (Zot:4)
  8 Orb Guardians (Zot:5)
  25 tentacled monstrosities
  Asterion (Vaults:3)
  6 liches
  5 deep elf blademasters
  3 titans (Vaults:5)
  10 quicksilver dragons
  3 acid blobs
  5 death cobs
  3 shadow dragons
  8 sphinxes
  Agnes (D:14)
  14 storm dragons
  Kirke (Lair:6)
  6 tengu reavers
  7 deep elf sorcerers
  3 draconian monks
  11 nagarajas
  3 draconian knights
  10 fire giants
  Louise (Snake:1)
  Aizul (Snake:3)
  6 draconian scorchers
  2 ghouls
  9 frost giants
  2 draconian shifters
  13 vault wardens
  2 emperor scorpions (Depths:4)
  4 ghost moths
  A cacodemon (Depths:3)
  An iron dragon (Vaults:4)
  A draconian stormcaller (Zot:5)
  6 deep elf elementalists
  14 ironheart preservers
  6 draconian annihilators
  A juggernaut skeleton (Depths:2)
  16 very ugly things
  18 stone giants
  9 green draconians
  7 black draconians
  An entropy weaver (Vaults:4)
  9 red draconians
  5 deep elf demonologists
  11 yellow draconians
  5 white draconians
  8 deep elf annihilators
  8 purple draconians
  5 spark wasps
  2 pearl dragon zombies (Depths:2)
  5 deep elf death magi
  The ghost of Zevvob the Spear-Bearer, a journeyman OpFi of Cheibriados (Lair:5)
  2 green deaths (Depths:4)
  Snorg (Lair:4)
  19 ettins
  2 jiangshi (Depths:4)
  19 yaktaur captains
  6 deep elf high priests
  Erolcha (Orc:1)
  11 fire dragons
  10 ice dragons
  Harold (D:7)
  8 great orbs of eyes
  2 shambling mangroves
  30 vault guards
  3 spriggan air magi
  6 rakshasas
  9 naga warriors
  9 anacondas
  9 centaur warriors
  12 hydras
  9 death knights
  7 ghost crabs
  51 two-headed ogres
  26 dancing weapons
  8 alligators
  A two-headed ogre (shapeshifter) (Vaults:4)
  5 deep troll shamans
  A queen ant (shapeshifter) (Depths:5)
  2 tengu warriors (Depths:1)
  8 shock serpents
  4 deep troll earth magi
  A vampire mage (Depths:4)
  16 ogre magi
  3 hell hogs (Depths:2)
  15 naga sharpshooters
  4 death yaks (Lair:4)
  5 spriggan berserkers
  3 hell knights (Depths:3)
  A titan zombie (Depths:2)
  Sonja (Lair:4)
  20 deep elf knights
  An iron troll (Depths:5)
  A shadow wraith (Vaults:2)
  13 spriggans
  10 skeletal warriors
  A sea snake (shapeshifter) (Depths:3)
  An infernal demonspawn (Depths:3)
  An unseen horror (shapeshifter) (Depths:4)
  A death drake (Swamp:4)
  8 wizards
  2 unseen horrors
  4 glowing orange brains
  3 spriggan druids
  7 naga ritualists
  3 flayed ghosts
  An orange crystal statue (Depths:2)
  8 deep elf archers
  A lindwurm (shapeshifter) (Depths:2)
  A shadow dragon zombie (Abyss:3)
  A small abomination (Vaults:5)
  19 deep trolls
  3 spectral hydras (Swamp:4)
  11 ironbrand convokers
  6 necromancers
  3 phantasmal warriors
  Pikel (D:4)
  6 harpies
  5 swamp dragons
  71 deep elf magi
  58 ugly things
  8 mana vipers
  A shining eye (Slime:1)
  6 wolf spiders
  A stone giant zombie (Depths:2)
  A tengu skeleton (Depths:2)
  2 orc sorcerers
  6 salamanders
  A statue (Abyss:3)
  12 orc knights
  6 cyclopes
  10 elephants
  4 apis skeletons (Depths:2)
  4 manticores
  19 moths of wrath
  8 vault sentinels
  2 guardian serpents (shapeshifter)
  43 black mambas
  A stone giant skeleton (Vaults:4)
  A centaur zombie (D:12)
  26 naga magi
  Maurice (D:9)
  A spriggan zombie (Depths:1)
  3 guardian serpents
  Joseph (D:9)
  A torpor snail (shapeshifter) (Depths:4)
  A frost giant skeleton (Depths:1)
  A gargoyle (D:10)
  4 smoke demons
  An eye of devastation (Slime:1)
  2 human zombies (Vaults:4)
  18 spiny frogs
  7 freezing wraiths
  A rime drake (shapeshifter) (Elf:1)
  38 yaktaurs
  6 rime drakes (Lair:6)
  2 swamp worm zombies (Swamp:4)
  An ice devil (Depths:3)
  4 kobold demonologists
  10 komodo dragons
  A meliai (shapeshifter) (Vaults:1)
  A red devil (Depths:5)
  5 jumping spiders (Depths:4)
  6 hydra zombies (Swamp:4)
  A spriggan skeleton (Depths:1)
  15 trolls
  A wind drake (shapeshifter) (Vaults:4)
  18 blink frogs
  A jumping spider (shapeshifter) (Depths:3)
  22 hornets
  Grinder (D:6)
  10 polar bears
  4 spectral swamp dragons (Swamp:4)
  4 tyrant leeches
  2 raiju (Lair:6)
  A slime creature (shapeshifter) (Vaults:5)
  40 slime creatures
  An ettin zombie (Depths:1)
  9 bog bodies
  5 alligator zombies (Swamp:4)
  A fire giant simulacrum (Depths:1)
  A snapping turtle (shapeshifter) (Vaults:4)
  12 hippogriffs
  Sigmund (D:2)
  6 air elementals
  4 tarantellas (Depths:4)
  A redback (shapeshifter) (Vaults:5)
  2 redbacks (Vaults:4)
  3 shadows
  2 water elementals
  An ettin skeleton (Vaults:4)
  4 wraiths
  A vampire (D:14)
  A spriggan simulacrum (Depths:2)
  38 yaks
  A yak (shapeshifter) (Vaults:4)
  A basilisk (D:13)
  5 wyverns
  3 hogs (Lair:6)
  A human (shapeshifter) (Vaults:1)
  3 steam dragons
  A fire elemental (Orc:1)
  2 hungry ghosts
  2 human simulacra (Vaults:2)
  A chaos spawn (Depths:3)
  22 vampire mosquitoes
  2 soldier ants (shapeshifter) (Vaults:1)
  40 nagas
  30 insubstantial wisps
  11 wargs
  13 swamp worms
  6 water moccasins
  3 acid dragons
  14 hell hounds (Lair:6)
  2 floating eyes
  36 orc warriors
  6 porcupines
  13 swamp drakes
  6 sky beasts
  An ice beast (shapeshifter) (Depths:2)
  12 ice beasts
  An ogre (shapeshifter) (Vaults:1)
  A swamp dragon zombie (Swamp:4)
  2 eyes of draining
  56 ogres
  4 phantoms
  16 black bears
  3 necrophages
  An elf zombie (Vaults:4)
  An eye of draining (shapeshifter) (Depths:3)
  18 wolves
  7 boggarts
  14 centaurs
  13 crocodiles
  12 big kobolds
  Blork the orc (D:6)
  22 bullfrogs
  2 earth elementals
  A glowing shapeshifter simulacrum (Vaults:1)
  A water moccasin zombie (Ossuary)
  5 scorpions
  20 killer bees
  7 wights
  4 howler monkeys
  7 electric eels
  8 crimson imps
  2 bullfrog zombies
  7 hounds
  5 jellies
  Crazy Yiuf (D:6)
  5 centaur skeletons
  18 orc priests
  3 bullfrog skeletons
  7 iguanas
  19 orc wizards
  10 worker ants
  5 hell rats (Lair:6)
  A killer bee zombie (D:7)
  4 big kobold zombies (Ossuary)
  A hound zombie (D:5)
  3 hound skeletons
  2 mummies (Ossuary)
  A worker ant zombie (D:9)
  A howler monkey zombie (D:10)
  A swamp drake zombie (Swamp:4)
  17 adders
  2 howler monkey skeletons
  10 gnolls (D:4)
  4 shadow imps
  An ooze (D:6)
  2 adder skeletons
  4 adder zombies (Ossuary)
  4 worms
  A dart slug (D:3)
  6 leopard geckos
  79 orcs
  14 bats
  3 giant cockroaches
  31 goblins
  31 hobgoblins
  8 jackals
  39 kobolds
  5 quokkas
  2 ball pythons
  A frilled lizard (D:2)
  4 gnoll zombies (Ossuary)
  5 hobgoblin zombies (Ossuary)
  11 kobold skeletons (D:8)
  14 kobold zombies
  A leopard gecko zombie (D:5)
  4 orc zombies (Ossuary)
  14 rats
  A rat (shapeshifter) (Vaults:5)
  A butterfly (Lair:5)
  2 plants (Lair:6)
2309 creatures vanquished.

Vanquished Creatures (collateral kills)
  A bone dragon (Depths:5)
  A lich (Vaults:5)
  3 tengu reavers
  A storm dragon (Vaults:5)
  A frost giant (Depths:4)
  3 ironheart preservers (Vaults:5)
  A draconian annihilator (Zot:1)
  A very ugly thing (Depths:5)
  A stone giant (Vaults:5)
  A yellow draconian (Zot:2)
  A deep elf annihilator (Elf:3)
  An ettin (Vaults:4)
  A green death (Depths:4)
  3 fire dragons
  A deep elf high priest (Elf:3)
  An ogre mage (Vaults:3)
  A yaktaur captain (Depths:5)
  A vault guard (Vaults:4)
  A naga warrior (Snake:2)
  A two-headed ogre (Vaults:3)
  A shambling mangrove (Swamp:4)
  2 centaur warriors
  A naga sharpshooter (Snake:2)
  A spriggan (Depths:2)
  A shadow wraith (Vaults:4)
  A deep troll (Vaults:4)
  An ironbrand convoker (Vaults:4)
  2 phantasmal warriors
  An ugly thing (Depths:5)
  3 deep elf magi
  2 moths of wrath (Zot:1)
  A vault sentinel (Vaults:5)
  2 yaktaurs
  A jumping spider (shapeshifter) (Vaults:4)
  3 hornets
  2 slime creatures
  A hell hound (Lair:6)
  A floating eye (shapeshifter) (Vaults:5)
  An ogre (Vaults:4)
  2 centaurs
  An orc wizard (Vaults:2)
  A hell rat (Lair:6)
58 creatures vanquished.

Vanquished Creatures (others)
  A deep elf master archer (Elf:3)
  5 stone giants
  Nessos (D:15)
  3 yaktaur captains
  A two-headed ogre (Vaults:5)
  A centaur warrior (Vaults:2)
  2 alligators
  3 naga sharpshooters
  A deep elf knight (Elf:3)
  A naga ritualist (Snake:3)
  5 deep elf archers
  A mana viper (Snake:3)
  An ugly thing (Vaults:4)
  2 black mambas (Snake:3)
  9 yaktaurs
  A tyrant leech (Swamp:2)
  A hornet (Swamp:2)
  A swamp worm (Swamp:4)
  An ogre (Orc:2)
  3 centaurs
  A worker ant (D:8)
  An orc wizard (D:4)
  2 orcs
  A kobold (D:7)
  16 fungi
  9 plants
  2 withered plants (D:8)
76 creatures vanquished.

Grand Total: 2443 creatures vanquished

Notes
Turn   | Place    | Note
-------+----------+-------------------------------------------
     0 | D:1      | Ereth the Troll Fighter began the quest for the Orb.
     0 | D:1      | Reached XP level 1. HP: 22/22 MP: 0/0
   137 | D:1      | Reached XP level 2. HP: 29/29 MP: 1/1
   362 | D:1      | Reached XP level 3. HP: 36/36 MP: 2/2
   753 | D:2      | Noticed Sigmund
   782 | D:2      | Killed Sigmund
   782 | D:2      | Reached skill level 3 in Unarmed Combat
   782 | D:2      | Reached XP level 4. HP: 29/44 MP: 3/3
   782 | D:2      | Reached XP level 5. HP: 35/52 MP: 4/4
  1773 | D:3      | Reached XP level 6. HP: 56/59 MP: 5/5
  2110 | D:3      | Reached skill level 4 in Unarmed Combat
  2331 | D:4      | Found Birghuol's Magic Scroll Shop.
  2359 | D:4      | Bought a scroll of fear for 42 gold pieces
  2359 | D:4      | Bought a scroll of identify for 24 gold pieces
  2359 | D:4      | Bought a scroll of teleportation for 36 gold pieces
  2361 | D:4      | Found a sand-covered staircase.
  2379 | Ossuary  | Entered an ossuary
  2559 | Ossuary  | Reached XP level 7. HP: 58/66 MP: 6/6
  2773 | D:4      | Reached skill level 5 in Unarmed Combat
  2812 | D:4      | Found Jeralus's Food Boutique.
  2923 | D:4      | Found Ojeockedo's Magic Scroll Emporium.
  3011 | D:4      | Noticed Pikel
  3035 | D:4      | Killed Pikel
  3035 | D:4      | Reached skill level 1 in Throwing
  3035 | D:4      | Reached skill level 6 in Unarmed Combat
  3035 | D:4      | Reached XP level 8. HP: 30/75 MP: 7/7
  3212 | D:4      | Found Xaut's Jewellery Emporium.
  3277 | D:4      | Found Estru's Jewellery Boutique.
  3753 | D:4      | Reached skill level 7 in Unarmed Combat
  3780 | D:4      | Reached skill level 5 in Shields
  4155 | D:5      | Entered Level 5 of the Dungeon
  4370 | D:5      | Reached skill level 5 in Dodging
  4411 | D:5      | Found an iron altar of Okawaru.
  4417 | D:5      | Noticed a hippogriff
  4428 | D:5      | Became a worshipper of Warmaster Okawaru
  4433 | D:5      | Killed a hippogriff
  4433 | D:5      | Reached XP level 9. HP: 71/83 MP: 8/8
  4442 | D:5      | Reached skill level 8 in Unarmed Combat
  4841 | D:6      | Found a staircase to the Ecumenical Temple.
  4853 | Temple   | Entered the Ecumenical Temple
  5139 | D:6      | Noticed Grinder
  5176 | D:6      | Killed Grinder
  5176 | D:6      | Reached * piety under Okawaru
  5233 | D:6      | Reached skill level 1 in Stealth
  5538 | D:6      | Reached skill level 9 in Unarmed Combat
  5669 | D:6      | Noticed Blork the orc
  5676 | D:6      | Killed Blork the orc
  5676 | D:6      | Reached ** piety under Okawaru
  5792 | D:6      | Found a runed translucent door.
  5793 | D:6      | Noticed Crazy Yiuf
  5800 | D:6      | Killed Crazy Yiuf
  5909 | D:7      | Noticed Harold
  6029 | D:7      | Killed Harold
  6029 | D:7      | Reached *** piety under Okawaru
  6029 | D:7      | Reached XP level 10. HP: 12/91 MP: 9/9
  6617 | D:7      | Reached skill level 10 in Unarmed Combat
  6687 | D:8      | Found Veifill's Demolitions Depot.
  6770 | D:8      | Noticed a two-headed ogre
  6781 | D:8      | Killed a two-headed ogre
  6781 | D:8      | Reached **** piety under Okawaru
  7142 | D:8      | Reached skill level 11 in Unarmed Combat
  7239 | D:8      | Reached XP level 11. HP: 98/98 MP: 8/10
  7528 | D:8      | Received a gift from Okawaru
  7538 | D:8      | Reached skill level 1 in Invocations
  7625 | D:8      | Found an ancient bone altar of Kikubaaqudgha.
  7724 | D:8      | Found an ancient bone altar of Kikubaaqudgha.
  7749 | D:8      | Found Yzido's Weapon Shoppe.
  8053 | D:9      | Noticed Joseph
  8061 | D:9      | Killed Joseph
  8149 | D:9      | Found an ornate altar of the Wu Jian Council.
  8162 | D:9      | Found a runed translucent door.
  8162 | D:9      | Noticed an ice dragon
  8163 | D:9      | Noticed a fire dragon
  8163 | D:9      | Noticed an ice dragon
  8164 | D:9      | Found the +2 shield of Resistance {rF+ rC+ MR+}
  8164 | D:9      | Noticed a fire dragon
  8178 | D:9      | Found a runed translucent door.
  8203 | D:9      | Noticed Maurice
  8218 | D:9      | Killed Maurice
  8396 | D:9      | Reached ***** piety under Okawaru
  8588 | D:10     | Entered Level 10 of the Dungeon
  8785 | D:9      | Reached skill level 12 in Unarmed Combat
  8814 | D:10     | Received a gift from Okawaru
  9235 | D:10     | Noticed a two-headed ogre
  9240 | D:10     | Killed a two-headed ogre
  9378 | D:10     | Found a staircase to the Lair.
  9544 | D:10     | Noticed a two-headed ogre
  9548 | D:10     | Killed a two-headed ogre
  9548 | D:10     | Received a gift from Okawaru
  9548 | D:10     | Reached XP level 12. HP: 93/107 MP: 12/12
  9549 | D:10     | Found the +18 shield of the Gong {rElec rN+ MR+ EV-5}
  9591 | D:10     | Found an opulent altar of Gozag.
  9721 | D:10     | Found a staircase to the Orcish Mines.
  9999 | D:11     | Noticed a two-headed ogre
 10008 | D:11     | Killed a two-headed ogre
 10057 | D:11     | Reached skill level 13 in Unarmed Combat
 11011 | D:12     | Noticed a seven-headed hydra
 11019 | D:12     | Killed an 11-headed hydra
 11179 | D:12     | Found a frozen archway.
 11534 | D:13     | Received a gift from Okawaru
 11789 | D:4      | Bought a scroll of acquirement for 676 gold pieces
 11793 | D:4      | Got smoking acid dragon scales
 11804 | D:4      | Identified the +6 acid dragon scales of Morality {MR+ rCorr
                  | Dex+2} (You acquired it on level 4 of the Dungeon)
 11805 | D:4      | Bought a scroll of enchant armour for 97 gold pieces
 11997 | D:13     | Reached skill level 14 in Unarmed Combat
 11999 | D:13     | Noticed a centaur warrior
 12022 | D:13     | Killed a centaur warrior
 12071 | D:13     | Noticed a six-headed hydra
 12082 | D:13     | Killed an 11-headed hydra
 12226 | D:13     | Reached XP level 13. HP: 114/114 MP: 13/13
 12335 | D:13     | Reached skill level 1 in Armour
 12441 | D:13     | Reached skill level 10 in Shields
 13251 | D:14     | HP: 2/113 [+5 long sword (14)]
 13304 | D:14     | Received a gift from Okawaru
 13457 | D:14     | Found a gateway to a bazaar.
 13547 | D:14     | Found a gate to the Vaults.
 13837 | D:15     | Entered Level 15 of the Dungeon
 13916 | D:15     | Noticed Agnes
 13940 | D:15     | Upgraded the game from 0.24.0-123-gd5b16e6ec5 to
                  | 0.24.0-125-gc4c63601f3
 13974 | D:14     | Killed Agnes
 14246 | D:15     | Noticed Nessos
 14254 | D:15     | Killed Nessos
 14525 | D:15     | Found a staircase to the Depths.
 14530 | D:15     | Received a gift from Okawaru
 14787 | D:15     | Reached skill level 5 in Throwing
 14787 | D:15     | Reached XP level 14. HP: 124/124 MP: 14/14
 14971 | Orc:1    | Entered Level 1 of the Orcish Mines
 14990 | Orc:1    | Reached skill level 15 in Unarmed Combat
 15289 | Orc:1    | Noticed Erolcha
 15297 | Orc:1    | Killed Erolcha
 15632 | Orc:2    | Entered Level 2 of the Orcish Mines
 15632 | Orc:2    | Found a staircase to the Elven Halls.
 15753 | Orc:1    | Reached ****** piety under Okawaru
 15785 | Orc:2    | Received a gift from Okawaru
 15912 | Orc:2    | Got a crystal scimitar {god gift}
 15975 | Orc:2    | Found Heivet's Food Boutique.
 15975 | Orc:2    | Found Xenoew's General Store.
 15977 | Orc:2    | Found Xaxafiuf's Assorted Antiques.
 15977 | Orc:2    | Found Ceamoy's Assorted Antiques.
 16013 | Orc:2    | Found a roughly hewn altar of Beogh.
 16599 | Lair:1   | Entered Level 1 of the Lair of Beasts
 16647 | Lair:1   | Found a gate leading to a gauntlet.
 16691 | Lair:1   | Received a gift from Okawaru
 16740 | Lair:1   | Reached skill level 16 in Unarmed Combat
 17650 | Lair:2   | Found a staircase to the Snake Pit.
 18160 | Lair:3   | Received a gift from Okawaru
 18268 | Lair:2   | Reached XP level 15. HP: 103/131 MP: 8/16
 19051 | Lair:4   | Noticed Snorg
 19058 | Lair:4   | Killed Snorg
 19199 | Lair:4   | Noticed Sonja
 19223 | Lair:4   | Killed Sonja
 19406 | Lair:4   | Found a staircase to the Swamp.
 19587 | Lair:4   | Received a gift from Okawaru
 19587 | Lair:4   | Reached skill level 10 in Dodging
 20268 | Lair:5   | Found a runed translucent door.
 20539 | Lair:5   | Found a viscous altar of Jiyva.
 20539 | Lair:5   | Found a staircase to the Slime Pits.
 20651 | Lair:5   | Noticed Zevvob's ghost (journeyman OpFi)
 20657 | Lair:5   | Identified the +7 trident of the Ship {flame, rPois rF++}
 20971 | Bazaar   | Entered a bazaar
 20971 | Bazaar   | Found Zaiphaschorph's Assorted Antiques.
 20971 | Bazaar   | Found Lemac's Armour Shoppe.
 20971 | Bazaar   | Found Nyrghenk's Antique Weapon Emporium.
 20971 | Bazaar   | Found Taseor's Magic Scroll Shoppe.
 21000 | Bazaar   | Bought a scroll of identify for 34 gold pieces
 21000 | Bazaar   | Bought a scroll of teleportation for 51 gold pieces
 21000 | Bazaar   | Bought a scroll of teleportation for 51 gold pieces
 21000 | Bazaar   | Bought a scroll of identify for 34 gold pieces
 21000 | Bazaar   | Bought a scroll of identify for 34 gold pieces
 21000 | Bazaar   | Bought a scroll of identify for 34 gold pieces
 21000 | Bazaar   | Bought a scroll of identify for 34 gold pieces
 21451 | Swamp:1  | Entered Level 1 of the Swamp
 21465 | Swamp:1  | Received a gift from Okawaru
 21488 | Swamp:1  | Identified Sif Muna's Almanac of the Freezing Mountains
 21780 | Swamp:1  | Reached skill level 17 in Unarmed Combat
 22092 | Swamp:1  | Received a gift from Okawaru
 22336 | Swamp:2  | Received a gift from Okawaru
 22989 | Swamp:2  | Got a fine shield
 23000 | Swamp:2  | Identified the +0 shield of Undesirable Species {rF+ rC++}
                  | (You acquired it on level 2 of the Swamp)
 23436 | Swamp:2  | Found an iron altar of Okawaru.
 23527 | Swamp:3  | Received a gift from Okawaru
 23555 | Swamp:2  | Reached XP level 16. HP: 111/140 MP: 14/17
 24665 | Swamp:4  | Entered Level 4 of the Swamp
 24742 | Swamp:4  | Cast into level 3 of the Abyss (the power of Zot)
 24742 | Abyss:3  | Found a corrupted altar of Lugonu.
 24836 | Swamp:4  | Escaped the Abyss
 25360 | Swamp:4  | Received a gift from Okawaru
 25375 | Swamp:4  | Reached skill level 18 in Unarmed Combat
 26494 | Swamp:4  | Noticed a bone dragon
 26509 | Swamp:4  | Killed a bone dragon
 26652 | Swamp:4  | Got a decaying rune of Zot
 26918 | Snake:1  | Entered Level 1 of the Snake Pit
 26918 | Snake:1  | Found Umem's Weapon Emporium.
 26927 | Snake:1  | Received a gift from Okawaru
 27051 | Snake:1  | Received a gift from Okawaru
 27098 | Snake:1  | Reached XP level 17. HP: 122/144 MP: 5/18
 27351 | Snake:1  | Noticed Louise
 27413 | Snake:1  | Killed Louise
 28301 | Snake:1  | Reached skill level 5 in Fighting
 28443 | Snake:2  | Reached skill level 5 in Armour
 29449 | Snake:2  | Learned a level 1 spell: Animate Skeleton
 29864 | Snake:2  | Received a gift from Okawaru
 30505 | Snake:1  | Reached skill level 19 in Unarmed Combat
 30831 | Snake:3  | Noticed Aizul
 30841 | Snake:3  | Noticed Nikola
 30855 | Snake:3  | Killed Aizul
 30855 | Snake:3  | Received a gift from Okawaru
 30873 | Snake:3  | Killed Nikola
 31117 | Snake:3  | Received a gift from Okawaru
 31368 | Snake:3  | Reached skill level 15 in Shields
 31375 | Snake:3  | Reached skill level 1 in Necromancy
 31603 | Snake:4  | Entered Level 4 of the Snake Pit
 31834 | Snake:4  | Received a gift from Okawaru
 32250 | Snake:4  | Reached XP level 18. HP: 157/157 MP: 17/20
 32411 | Snake:4  | Received a gift from Okawaru
 32496 | Snake:3  | Reached skill level 1 in Spellcasting
 32558 | Snake:4  | Received a gift from Okawaru
 32594 | Snake:4  | Received a gift from Okawaru
 33145 | Snake:4  | Got a serpentine rune of Zot
 33528 | Lair:6   | Entered Level 6 of the Lair of Beasts
 33559 | Lair:6   | Noticed Kirke
 33569 | Lair:6   | Killed Kirke
 33593 | Lair:6   | Received a gift from Okawaru
 33930 | Lair:6   | Reached skill level 20 in Unarmed Combat
 34938 | Lair:5   | Killed Zevvob's ghost
 35295 | Vaults:1 | Entered Level 1 of the Vaults
 35478 | Vaults:1 | Received a gift from Okawaru
 35769 | Vaults:1 | Found a runed translucent door.
 35769 | Vaults:1 | Noticed Switch's ghost (veteran DDFi)
 35905 | Vaults:1 | Reached XP level 19. HP: 165/165 MP: 21/21
 37620 | Vaults:2 | Reached skill level 21 in Unarmed Combat
 37871 | Vaults:2 | Received a gift from Okawaru
 38069 | Vaults:2 | Reached skill level 5 in Invocations
 38077 | Vaults:2 | Received a gift from Okawaru
 38427 | Vaults:2 | Received a gift from Okawaru
 38938 | Vaults:3 | Noticed Asterion
 38957 | Vaults:3 | Killed Asterion
 39628 | Vaults:3 | Reached XP level 20. HP: 173/174 MP: 23/23
 39648 | Vaults:3 | Received a gift from Okawaru
 39701 | Vaults:3 | Found a staircase to the Crypt.
 39787 | Vaults:3 | Found Nin Ymuso's Jewellery Boutique.
 40775 | Vaults:4 | Noticed Frederick
 40856 | Vaults:4 | Killed Frederick
 41213 | Vaults:4 | Reached skill level 22 in Unarmed Combat
 41768 | Vaults:4 | Identified the Compendium of Stones
 41774 | Vaults:4 | Learned a level 2 spell: Throw Flame
 42187 | Vaults:4 | Received a gift from Okawaru
 43342 | Elf:1    | Entered Level 1 of the Elven Halls
 43636 | Elf:1    | Reached XP level 21. HP: 182/182 MP: 26/26
 44449 | Elf:2    | Received a gift from Okawaru
 44480 | Elf:2    | Found a shimmering blue altar of Sif Muna.
 44546 | Elf:2    | Found Cigipruf's Magic Scroll Shop.
 44546 | Elf:2    | Found Larrypt's Jewellery Boutique.
 44565 | Elf:2    | Bought the amulet of Gemudexe {Reflect rF+ Str+8 SH+3} for
                  | 744 gold pieces
 44782 | Elf:2    | Found Ciuczine's Book Boutique.
 44984 | Elf:2    | Found a huge runed translucent gate.
 44984 | Elf:2    | Found a huge runed translucent gate.
 44984 | Elf:2    | Found a huge runed translucent gate.
 44986 | Elf:2    | Found a huge runed translucent gate.
 44987 | Elf:2    | Found a huge runed translucent gate.
 45316 | Elf:2    | Received a gift from Okawaru
 46119 | Depths:1 | Entered Level 1 of the Depths
 46158 | Depths:1 | Received a gift from Okawaru
 46292 | Depths:1 | Got smoking gold dragon scales
 46303 | Depths:1 | Identified the +9 gold dragon scales of Piotuevel {*Drain
                  | rPois rF+ rC+ MR+ MP+9} (You acquired it on level 1 of the
                  | Depths)
 46386 | Depths:1 | Noticed Sojobo
 46395 | Depths:1 | Received a gift from Okawaru
 46412 | Depths:1 | Killed Sojobo
 46412 | Depths:1 | Received a gift from Okawaru
 46570 | Depths:1 | Found a gateway to Hell.
 46818 | Depths:1 | Reached skill level 23 in Unarmed Combat
 46871 | Depths:1 | Received a gift from Okawaru
 46940 | Depths:1 | Identified the Reference Book on Poison and Moulding
 47249 | Depths:2 | Found Aclan's General Store.
 48071 | Depths:2 | Noticed a profane servitor
 48072 | Depths:2 | Found a basalt altar of Yredelemnul.
 48079 | Depths:2 | Killed a profane servitor
 48526 | Depths:2 | Found a runed translucent door.
 48532 | Depths:2 | Found a runed translucent door.
 48873 | Depths:2 | Received a gift from Okawaru
 48884 | Depths:2 | Reached XP level 22. HP: 112/191 MP: 27/27
 49136 | Depths:2 | Received a gift from Okawaru
 49760 | Depths:3 | Reached skill level 5 in Necromancy
 49784 | Depths:3 | Received a gift from Okawaru
 49882 | Depths:3 | Found a one-way gate leading to the halls of Pandemonium.
 50042 | Depths:3 | Noticed Saint Roka
 50053 | Depths:3 | Killed Saint Roka
 50053 | Depths:3 | Received a gift from Okawaru
 50238 | Depths:3 | Received a gift from Okawaru
 50438 | Depths:3 | Noticed Margery
 50459 | Depths:3 | Killed Margery
 50459 | Depths:3 | Reached skill level 24 in Unarmed Combat
 50720 | Depths:3 | Received a gift from Okawaru
 50863 | Depths:3 | You fall into a shaft and drop 2 floors!
 50863 | Depths:5 | Entered Level 5 of the Depths
 51015 | Depths:5 | Received a gift from Okawaru
 51064 | Depths:5 | Reached skill level 5 in Spellcasting
 51071 | Depths:5 | Noticed a juggernaut
 51088 | Depths:5 | Killed a juggernaut
 51152 | Depths:5 | Noticed a golden dragon
 51159 | Depths:5 | Killed a golden dragon
 51279 | Depths:5 | Noticed a golden dragon
 51286 | Depths:5 | Found a gate to the Realm of Zot.
 51291 | Depths:5 | Killed a golden dragon
 51592 | Depths:3 | Found a one-way gate to the infinite horrors of the Abyss.
 51747 | Depths:4 | Reached XP level 23. HP: 190/197 MP: 29/29
 51890 | Depths:4 | Found a gateway to a ziggurat.
 52334 | Depths:4 | Received a gift from Okawaru
 52810 | Depths:5 | Received a gift from Okawaru
 53820 | Elf:3    | Entered Level 3 of the Elven Halls
 54286 | Elf:3    | Reached skill level 25 in Unarmed Combat
 54293 | Elf:3    | Received a gift from Okawaru
 54851 | Elf:3    | Identified the +4 halberd "Murmur" {distort, rElec rN+
                  | Str-5 Int+6}
 54851 | Elf:3    | Identified a ring of Sloth {-Tele rC+ MR+ Str+3 Stlth+}
 55109 | Elf:3    | Identified the +10 rapier "Syosewoh" {protect, rF+ Int+3}
 55112 | Elf:3    | Identified the +1 leather armour of Makhleb's Delight
                  | {*Contam MR+ Regen+ Slay+2}
 55443 | Elf:3    | Identified the cursed +2 trident "Ashitat" {drain, Dex+5}
 55903 | Elf:3    | Received a gift from Okawaru
 55951 | Elf:3    | Identified the +8 hand axe of a bazaar {freeze, rN++ Int-3}
 55966 | Elf:3    | Identified the Tome of Creation
 55971 | Elf:3    | Identified the Handbook of the Beggar
 56485 | Slime:1  | Entered Level 1 of the Pits of Slime
 56684 | Slime:2  | Reached XP level 24. HP: 66/206 MP: 29/30
 57170 | Vaults:5 | Entered Level 5 of the Vaults
 57231 | Vaults:4 | Received a gift from Okawaru
 57400 | Vaults:4 | Received a gift from Okawaru
 57616 | Vaults:4 | Received a gift from Okawaru
 58476 | Vaults:5 | Received a gift from Okawaru
 58483 | Vaults:5 | Got a silver rune of Zot
 59024 | Vaults:5 | Reached skill level 26 in Unarmed Combat
 59043 | Vaults:5 | Reached skill level 10 in Throwing
 59187 | Vaults:5 | Identified the +9 scythe of the Ecumenical Temple {slice,
                  | +Fly Str+5 Int+3 Stlth-}
 59367 | Vaults:5 | Found Unirch's Armour Shoppe.
 59368 | Vaults:5 | Identified the cursed +0 flail "Dragonslayer" {protect, rC-
                  | Str+3 SInv}
 59655 | Vaults:5 | Reached XP level 25. HP: 132/215 MP: 31/31
 59663 | Vaults:5 | Received a gift from Okawaru
 59889 | Vaults:5 | Found Yleosov's Assorted Antiques.
 60090 | Vaults:5 | Bought a scroll of enchant armour for 202 gold pieces
 60111 | Vaults:5 | Found the +7 sceptre of Torment {pain, torment}
 60736 | Zot:1    | Entered Level 1 of the Realm of Zot
 60749 | Zot:1    | Received a gift from Okawaru
 61330 | Zot:1    | Received a gift from Okawaru
 61548 | Zot:1    | Received a gift from Okawaru
 62130 | Zot:2    | Received a gift from Okawaru
 62246 | Zot:2    | Noticed an orb of fire
 62257 | Zot:2    | Gained mutation: You tend to lose your temper in combat.
                  | [an orb of fire]
 62259 | Zot:2    | Killed an orb of fire
 62262 | Zot:2    | Reached skill level 27 in Unarmed Combat
 62311 | Zot:2    | Reached skill level 10 in Armour
 62943 | Zot:3    | Received a gift from Okawaru
 63458 | Zot:4    | Received a gift from Okawaru
 63983 | Zot:4    | Reached XP level 26. HP: 113/223 MP: 32/32
 64665 | Zot:4    | Received a gift from Okawaru
 65832 | Zot:5    | Entered Level 5 of the Realm of Zot
 65943 | Zot:5    | Noticed an orb of fire
 65951 | Zot:5    | Gained mutation: Your body sometimes deteriorates upon
                  | taking damage. [an orb of fire]
 65955 | Zot:5    | Gained mutation: Armour fits poorly on your strangely
                  | shaped body. [an orb of fire]
 65956 | Zot:5    | Killed an orb of fire
 66278 | Zot:5    | Received a gift from Okawaru
 66342 | Zot:5    | Noticed an ancient lich
 66364 | Zot:5    | Killed an ancient lich
 66428 | Zot:5    | Noticed an orb of fire
 66430 | Zot:5    | Gained mutation: Your body often deteriorates upon taking
                  | damage. [an orb of fire]
 66432 | Zot:5    | Gained mutation: You are frail. (-10% HP) [an orb of fire]
 66438 | Zot:5    | Gained mutation: You are dopey. (Int -2) [an orb of fire]
 66445 | Zot:5    | Killed an orb of fire
 66445 | Zot:5    | Received a gift from Okawaru
 66540 | Zot:5    | Noticed an orb of fire
 66542 | Zot:5    | Noticed an ancient lich
 66545 | Zot:5    | Noticed an orb of fire
 66545 | Zot:5    | Gained mutation: You are very frail. (-20% HP) [an orb of
                  | fire]
 66545 | Zot:5    | Noticed an ancient lich
 66549 | Zot:5    | Gained mutation: Scrolls take you a little longer to read.
                  | [an orb of fire]
 66551 | Zot:5    | Noticed an orb of fire
 66551 | Zot:5    | Noticed an orb of fire
 66561 | Zot:5    | Killed from afar by an ancient lich

Levels and vault maps discovered:
D:1:      onia_arrival_larder, layout_basic
D:2:      layout_basic, uniq_sigmund
D:3:      layout_loops_corners, kennysheep_generic_room_2
D:4:      minmay_goblin_kobold_castle, layout_basic, serial_shops,
          nicolae_shop_competitors_out_of_business, shop, shop, shop_statue,
          nicolae_shop_behind_doors, enter_ossuary_3, uniq_pikel
D:5:      layout_basic, first_ration, okawaru_metal_pillars_3
D:6:      layout_gridville, minmay_temple_entry_glassed_door, uniq_grinder,
          uniq_blork_the_orc, uniq_crazy_yiuf_cottage
D:7:      layout_rooms, grunt_ogre_cave, nrook_mini_backslash,
          supply_closet_lemuel, uniq_harold
D:8:      wander_kiku_kobolds, layout_rooms, kiku_gazebo_garden_becter,
          serial_shops, shop, nicolae_blasting_shop, hangedman_misty_isle
D:9:      layout_roguey, basic_altar, minmay_guarded_unrand_resistance,
          uniq_maurice, uniq_joseph
D:10:     layout_rooms, due_lair_maze_entry_diamond, david_orc_4,
          nicolae_gozag_cash_rules_everything_around_me
D:11:     layout_loops_corners
D:12:     layout_rooms, portal_ice_cave_entry_ice_beasts
D:13:     layout_grid_maze
D:14:     layout_cave_pools, erik_vaults_1, serial_shops, bzr_entry_lakeside,
          chequers_serial_rivers_small_3
D:15:     grunt_enter_depths_magical_seal, layout_small_grid, uniq_agnes,
          uniq_nessos
Temple:   nicolae_temple_the_god_donut
Lair:1:   layout_regular_city, gauntlet_entry_generic, minivault_27
Lair:2:   layout_regular_city, minmay_snake_entry_guardpost_small
Lair:3:   layout_regular_city, grunt_megastairs_4
Lair:4:   layout_regular_city, palyth_hydra_swamp_entry, serial_bayou_crossing,
          minmay_lair_oklob_chamber, uniq_snorg, uniq_sonja
Lair:5:   layout_long_grid, slime_altar_1, ebering_ghost_funeral_grove,
          minivault_26, lemuel_fruit_fields, serial_bayou_shore_a,
          infiniplex_staircase_pool
Lair:6:   hangedman_lair_caniforms_friends, layout_big_grid,
          guppyfry_lair_end_dragon, uniq_kirke
Swamp:1:  layout_basic_swamp, evilmike_swamp_ruin_house_1
Swamp:2:  layout_falls_marsh, basic_altar, swamp_pool1,
          infiniplex_staircase_pool_2
Swamp:3:  layout_basic_swamp, hangedman_swamp_cone, swamp_pool1
Swamp:4:  swamp_pestilence, layout_basic_swamp
Snake:1:  layout_basic, serial_shops, shop, uniq_louise
Snake:2:  layout_cave_town, statue_in_the_mist_lemuel, evilmike_ambush
          [evilmike_ambush_outer_doors, evilmike_ambush_inner_wall_1]
Snake:3:  layout_grid_shapes, library_closet, uniq_nikola, uniq_aizul
Snake:4:  snake_pit, layout_cave_town
Slime:1:  layout_caves
Slime:2:  layout_caves, nicolae_slime_welcoming_committee
Orc:1:    layout_caves, nicolae_orc_lava_tube, uniq_erolcha
Orc:2:    st_orc_ogre_mass, layout_caves, basic_altar
Elf:1:    eino_elf_arrival_sip, layout_onion_city, kennysheep_underground_church
Elf:2:    layout_geoelf_grid, basic_altar, serial_shops, shop_statue,
          minmay_shoptagon
Elf:3:    minmay_elf_hall_statues, layout_geoelf_castle
Vaults:1: ebering_vaults_ghost_reflecting_pool, nicolae_vaults_network_star,
          dpeg_vaults_monster_row, vaults_room_stairs_pillars,
          grunt_vaults_trifunnel, nicolae_vaults_twisting_passages,
          vaults_mumra_minichess, ontoclasm_vaults_twist,
          nicolae_vaults_network_periphery, ontoclasm_vaults_pinch, st_lattice,
          nicolae_vaults_gold_heap, layout_vaults_ring
Vaults:2: v_misc_29, grunt_vaults_funnel, nicolae_vaults_little_squares_2,
          grunt_vaults_twisty, v_misc_25, st_diamondy,
          nicolae_vaults_little_squares_4, nicolae_vaults_border_crossing,
          layout_vaults_chaotic_city
Vaults:3: hangedman_vaults_snaps, nicolae_vaults_little_squares_3,
          vaults_dpeg_ring, vaults_room_door_ring, ontoclasm_vaults_gallery,
          blue_anna_dwarven_crypt, nicolae_vaults_three_branches,
          layout_vaults_omnigrid, serial_shops, shop_fountains, uniq_asterion
Vaults:4: v_misc_30, vaults_room_pools, v_misc_12, v_misc_11,
          ontoclasm_vaults_claustrophobia, nicolae_vaults_meeting, v_misc_5,
          nicolae_vaults_hallways_thing, vaults_room_octagon,
          nicolae_vaults_windows_and_doors_thing, v_misc_26,
          ontoclasm_vaults_tryst, nicolae_vaults_little_squares_3,
          layout_vaults_maze, uniq_frederick
Vaults:5
Depths:1: layout_basic, hell_entry, kennysheep_big_empty_room, minivault_1,
          hangedman_decor_lopped, hex_large, kennysheep_nondescript, uniq_sojobo
Depths:2: thingy_vault_2, layout_gridlike, serial_shops, shop_statue,
          hell_entry, serial_glass, glass_columns_a, glass_columns_c,
          glass_columns_c, glass_columns_c, glass_columns_a, glass_columns_a,
          mu_enter_wizlab_2, st_stairs_1, hangedman_blasphemy,
          infiniplex_staircase_spiral_double, serial_bayou_shore_b
Depths:3: minmay_polygon_palace, layout_basic,
          infiniplex_staircase_split_hallway, marbit_kobold_abyss_entry,
          rand_demon_pan_entry_8, hell_entry, uniq_margery, uniq_saint_roka
Depths:4: cheibrodos_poisonous_passages, layout_basic, enter_ziggurat_e,
          solitary_fountain, pan_entry, abyss_entry, grunt_hell_entry_dis_mu,
          eino_small_chamber_without_monster
Depths:5: grunt_zot_entry_bicorn, layout_honeycomb, corexii_hall_statues_i,
          hangedman_geh_valley
Zot:1:    layout_onion_interference
Zot:2:    layout_misc_corridors, st_stairs_13, lemuel_baited_zot_trap
Zot:3:    layout_onion_interference
Zot:4:    lemuel_draconian_sentries_small, layout_twisted_circle
Zot:5:    layout_onion

Skill      XL: |  1  2  3  4  5  6  7  8  9 10 11 12 13 14 15 16 17 18 19 20 21 22 23 24 25 26 |
---------------+-------------------------------------------------------------------------------+-----
Dodging        | 3 4 5 6 7 8 9 10 11 12 | 12.7
Shields        | 3 4 5 6 7 8 9 11 12 13 14 15 16 17 18 19 20 | 20.8
Unarmed Combat | 3 4 6 7 9 11 12 14 16 17 18 19 20 21 22 23 24 25 26 27 | 27.0
Fighting       | 3 4 5 6 |  6.8
Throwing       | 1 2 3 5 6 7 8 9 10 11 | 11.0
Stealth        | 1 2 3 4 |  4.9
Invocations    | 1 2 3 4 5 6 7 8 9 |  9.1
Armour         | 2 3 4 5 6 7 8 9 10 11 | 11.8
Necromancy     | 1 3 4 5 6 7 8 |  8.4
Spellcasting   | 1 2 4 5 6 7 |  7.1
Evocations     | |  0.2

Action                   |  1- 3 |  4- 6 |  7- 9 | 10-12 | 13-15 | 16-18 | 19-21 | 22-24 | 25-27 || total
-------------------------+-------+-------+-------+-------+-------+-------+-------+-------+-------++-------
Melee: Unarmed           |   134 |   239 |   397 |   893 |  1080 |  1752 |  1655 |  1460 |   787 ||  8397
Throw: Large rock        |     2 |    14 |    29 |    26 |   100 |   118 |    89 |    82 |    53 ||   513
       Javelin           |       |       |     7 |     3 |       |    13 |       |       |       ||    23
       Boomerang         |       |       |       |       |       |    36 |       |       |       ||    36
 Cast: Animate Skeleton  |       |       |       |       |       |    32 |   126 |   103 |    34 ||   295
       Throw Flame       |       |       |       |       |       |       |     1 |       |       ||     1
Invok: Heroism           |       |       |     2 |    34 |    29 |    74 |    54 |    31 |    24 ||   248
       Finesse           |       |       |       |     2 |     4 |     8 |     9 |     8 |    11 ||    42
Evoke: Wand              |       |       |       |       |       |       |     1 |     2 |       ||     3
  Use: Scroll            |       |    11 |     5 |    14 |    22 |    12 |     2 |     7 |    11 ||    84
       Potion            |       |       |     3 |       |     3 |     3 |     1 |       |       ||    10
 Stab: Sleeping          |     2 |       |     3 |     5 |     2 |     5 |     7 |       |       ||    24
       Distracted        |       |       |       |     1 |     1 |     3 |     6 |    12 |     6 ||    29
  Eat: Chunk             |    12 |    17 |    32 |    61 |   106 |    74 |   117 |    96 |    61 ||   576
       Ration            |       |       |       |       |       |    13 |       |     2 |       ||    15
Armor: Robe              |    67 |    60 |   118 |   128 |       |       |       |       |       ||   373
       Acid dragon scale |       |       |       |    30 |   200 |   383 |   173 |       |       ||   786
       Gold dragon scale |       |       |       |       |       |       |   113 |   506 |   291 ||   910
Dodge: Dodged            |    57 |    48 |   122 |   219 |   292 |   730 |   394 |   312 |   156 ||  2330
Block: Shield            |    75 |   111 |   225 |   789 |  1027 |  1551 |  1077 |  1138 |   487 ||  6480
       Reflection        |       |       |       |    29 |    60 |   130 |    99 |   114 |     5 ||   437
       Large shield      |       |       |       |       |   150 |       |       |       |       ||   150
